 Dungeon Crawl Stone Soup version 0.27-a0-1590-g15f69828bf (webtiles) character file.

Game seed: 5530558094107873384

294046 Aviak the Warrior (level 21, -1/171 HPs)
             Began as a Djinni Conjurer on July 18, 2021.
             Was the Champion of Makhleb.
             Killed from afar by Jory (67 damage)
             ... with a crystal spear
             ... on level 2 of the Vaults.
             The game lasted 02:08:19 (33785 turns).

Aviak the Warrior (Djinni Conjurer)                Turns: 33785, Time: 02:08:19

Health: -1/171     AC: 18    Str: 15    XL:     21   Next: 74%
Gold:   1097       EV: 21    Int: 28    God:    Makhleb [******] SH: 19 Dex: 23

rFire    + + +     SeeInvis .   V - +9 broad axe (vorpal)
rCold    . . .     Faith    .   P - +5 kite shield of the Lion {Int+3}
rNeg     . . .     Spirit   .   m - +3 leather armour {rC+ rF+}
rPois    ∞         Reflect  .   F - +2 helmet
rElec    .         Harm     .   O - +1 cloak "Otaah" {rCorr Dex+5}
rCorr    +         Rampage  .   W - +0 pair of gloves
Will     ++...                  (boots unavailable)
Stlth    ++........             u - amulet of Vitality {Regen+ HP+15}
HPRegen  1.38/turn              A - +4 ring of protection
MPRegen  0.00/turn              n - ring "Usodiogo" {Wiz Contam Str+7 Dex+3}

@: about to teleport, flying, very slightly contaminated, studying Long Blades
A: sickness immunity, fire resistance 2, cold vulnerability 1, float, innate
caster, hp casting, extra vitality 1
}: 2/15 runes: decaying, gossamer
a: Renounce Religion, Minor Destruction, Lesser Servant of Makhleb, Major
Destruction, Greater Servant of Makhleb


You were on level 2 of the Vaults.
You worshipped Makhleb.
Makhleb was exalted by your worship.
You visited 8 branches of the dungeon, and saw 36 of its levels.
You also visited: Sewer and Ice Cave.

You collected 5303 gold pieces.
You spent 4206 gold pieces at shops.

Inventory:

Hand Weapons
 U - the +3 great sword of Tartarus {vamp, rElec Int+4, !w}
   (You bought it in a shop on level 9 of the Dungeon)

   It occasionally heals its wielder for a portion of the damage dealt when it
   wounds a living foe.
   Int:       It affects your intelligence (+4).
   rElec:     It insulates you from electricity.
 V - a +9 vorpal broad axe (weapon)
Armour
 l - the +5 ring mail of Apathy {rF+ Stlth+}
   (You bought it in a shop on level 2 of the Orcish Mines)

   rF:        It protects you from fire.
   Stlth:     It makes you more stealthy.
 m - a +3 leather armour of resistance (worn)
 D - a +0 buckler of cold resistance
 F - a +2 helmet (worn)
 O - the +1 cloak "Otaah" (worn) {rCorr Dex+5}
   (You bought it in a shop on level 9 of the Dungeon)

   Dex:       It affects your dexterity (+5).
   rCorr:     It protects you from acid and corrosion.
 P - the +5 kite shield of the Lion (worn) {Int+3}
   (You bought it in a shop on level 2 of the Orcish Mines)

   Int:       It affects your intelligence (+3).
 R - a +0 troll leather armour
 W - a +0 pair of gloves (worn)
Jewellery
 n - the ring "Usodiogo" (right hand) {Wiz Contam Str+7 Dex+3}
   (You bought it in a shop on level 2 of the Elven Halls)

   [ring of wizardry]

   It improves your spell success rate.
   Str:       It affects your strength (+7).
   Dex:       It affects your dexterity (+3).
   Contam:    It causes magical contamination when unequipped.
 u - the amulet of Vitality (around neck) {Regen+ HP+15}
   (You found it on level 7 of the Dungeon)

   [amulet of regeneration]

   HP:        It affects your health (+15).
   Regen:     It increases your rate of health regeneration.
 z - the ring of Midnight {Str+6 Slay+2}
   (You bought it in a shop on level 2 of the Orcish Mines)

   [ring of strength]

   Str:       It affects your strength (+6).
   Slay:      It affects your accuracy & damage with ranged weapons and melee
   (+2).
 A - a +4 ring of protection (left hand)
 Q - the ring of Ashenzari's Hope {rN+ Int+6}
   (You bought it in a shop on level 2 of the Orcish Mines)

   [ring of intelligence]

   Int:       It affects your intelligence (+6).
   rN:        It protects you from negative energy.
 Y - a +4 ring of protection
 Z - a ring of see invisible
Wands
 e - a wand of digging (6)
 g - a wand of iceblast (47)
 r - a wand of polymorph (44)
 C - a wand of paralysis (58)
 G - a wand of mindburst (18)
 J - a wand of acid (17)
 X - a wand of flame (68)
Scrolls
 a - a scroll of torment {!r}
 i - 10 scrolls of identify
 p - 2 scrolls of silence {!r}
 s - 2 scrolls of summoning {!r}
 t - 7 scrolls of teleportation
 v - 4 scrolls of vulnerability {!r}
 x - 2 scrolls of blinking
 y - 4 scrolls of magic mapping
 B - a scroll of holy word
 E - 5 scrolls of fear
 I - 4 scrolls of immolation
 K - 4 scrolls of enchant armour
 L - 11 scrolls of fog
Potions
 b - 3 potions of invisibility
 c - 13 potions of curing
 d - 2 potions of berserk rage
 f - 4 potions of haste
 h - a potion of heal wounds
 j - 4 potions of resistance
 q - 9 potions of might
 w - 2 potions of brilliance
 H - a potion of attraction
 M - 2 potions of mutation {!q}
 T - 6 potions of ambrosia
Miscellaneous
 k - a lightning rod (4/4)
 o - a phial of floods
 N - a box of beasts
 S - a tin of tremorstones (2/2)


   Skills:
 - Level 15.4 Fighting
 - Level 8.6 Long Blades
 + Level 13.8 Axes
 - Level 10.5 Armour
 - Level 12.5 Dodging
 - Level 1.5 Stealth
 + Level 13.6 Shields
 + Level 11.2 Spellcasting
 - Level 14.0 Invocations
 - Level 10.0 Evocations


You couldn't memorise any spells.
You knew the following spells:

 Your Spells              Type           Power      Damage    Failure   Level
a - Magic Dart            Conj           100%       1d8       1%          1
b - Searing Ray           Conj           100%       3d7       1%          2
c - Dazzling Flash        Conj/Hex       100%       N/A       1%          3
d - Fulminant Prism       Conj/Hex       34%        3d16      1%          4
e - Iskenderun's Mystic   Conj/Tloc      68%        2d14      1%          4
f - Foxfire               Conj/Fire      100%       2x1d9     1%          1
g - Passwall              Tmut/Erth      56%        N/A       1%          2
h - Blink                 Tloc           N/A        N/A       1%          2
i - Dispel Undead         Necr           68%        3d23      1%          4
j - Dispersal             Tloc           34%        N/A       3%          6
k - Malign Gateway        Summ/Tloc      34%        N/A       16%         7
l - Monstrous Menagerie   Summ           34%        N/A       16%         7
q - Irradiate             Conj/Tmut      34%        3d25      1%          5
r - Iron Shot             Conj/Erth      34%        9d7       3%          6
w - Bolt of Magma         Conj/Fire/Erth 34%        4d15      1%          5
Your spell library was empty.

Dungeon Overview and Level Annotations

Branches:
Dungeon (15/15)            Temple (1/1) D:5            Lair (6/6) D:10
  Swamp (4/4) Lair:2       Spider (4/4) Lair:4        Slime (0/5) Lair:5
    Orc (2/2) D:9             Elf (2/3) Orc:2        Vaults (2/5) D:13
 Depths (0/5) D:15          Sewer (visited)           IceCv (visited)
  Crypt: Vaults:2-3

Altars:
Ashenzari
Cheibriados
Dithmenos
Elyvilon
Fedhas
Gozag
Hepliaklqana
Kikubaaqudgha
Makhleb
Nemelex Xobeh
Okawaru
Ru
Sif Muna
Trog
Uskayaw
Vehumet
Wu Jian
Xom
Yredelemnul
Zin
The Shining One

Shops:
D:2 !   D:3 (   D:9 [(   D:12 *   Orc:2 =*[(   Elf:2 ([=(

Annotations:
D:3 2 transporters, wineyard's ghost, weakling VSDe
Lair:1 3 runed translucent doors, Aviak's ghost, journeyman DjTm
Lair:2 2 transporters
Vaults:2 Jory; Mara


Innate Abilities, Weirdness & Mutations

You are immune to sickness and miasma.
You are immune to poison.
Your flesh is very heat resistant. (rF++)
You are vulnerable to cold. (rC-)
You float through the air rather than walking.
You learn spells naturally, not from books.
Your magical power is your life essence.
You have superior vitality. (+4 HP)


Message History

Jory is blasted with magical radiation!
Jory is moderately damaged.
The yaktaur captain is blasted with magical radiation!!!
You kill the yaktaur captain!
Makhleb accepts your kill.
You feel better.
You are very lightly contaminated with residual magic.
Jory points at you and mumbles some strange words.
You block the crystal spear.
A yaktaur comes into view.
Casting: Irradiate (mildly dangerous; 1% risk of failure)
Confirm with . or Enter, or press ? or * to list all spells.
You erupt in a fountain of uncontrolled magic!
Jory is blasted with magical radiation!
Jory is moderately damaged.
Jory hits you with a +4 great sword!! Jory bites you.
Mara, Lord of Illusions comes into view.
He is wielding a +5 vampiric demon blade.
The ironbound convoker begins to recite a word of recall!
Jory hisses in an unknowable language.
Jory casts a spell at you. You block the crystal spear.
Casting: Irradiate (mildly dangerous; 1% risk of failure)
Confirm with . or Enter, or press ? or * to list all spells.
Aiming: Iron Shot (mildly dangerous; 3% risk of failure)
Press: ? - help, Shift-Dir - straight line, f/p - Jory
Aim: Jory, wielding a +4 great sword and wearing a +2 chain mail of poison resistance (moderately damaged, fast, 64% to hit)
The iron shot hits Jory!!
Jory is heavily damaged.
Jory hits you with a +4 great sword. Jory bites you!
Okay, then.
As you read the scroll of teleportation, it crumbles to dust.
You feel strangely unstable. You block Jory's attack.
Jory bites you but does no damage.
An ironbound convoker comes into view. It is wielding a +0 great mace.
A deep troll comes into view.
Mara weaves an illusion.
Mara shimmers and seems to become three!
Jory casts a spell at you. The crystal spear hits you!!!
You die...

'#....'....# ###...#....#
.###..#....# ..###.#....#
...####....# ....# #....#
#######....################
.........pRc...V...........
...)......RR.p[)@..........
#######...T########'#######
#....# #........# #....#
#........# #....#
#........# #....#
#........# #....#
#........# #....#
#........# #....#
#........#


You could see Jory (fast), 3 Maras, a deep troll, 2 ironbound convokers and a
yaktaur.

Vanquished Creatures
  Jorgrun (Swamp:2)
  The ghost of Enol the Eclecticist, an adept DEFE of Vehumet (Vaults:1)
  A deep elf blademaster (Elf:2)
  Frances (Swamp:2)
  4 thorn hunters
  A sphinx (Vaults:1)
  Donald (Swamp:3)
  Roxanne (Spider:2)
  4 vault wardens (Vaults:1)
  3 deep elf sorcerers
  4 ghost moths
  4 emperor scorpions
  A deep elf elementalist (Elf:1)
  2 ghouls (Swamp:4)
  2 orc warlords
  A stone giant (Vaults:1)
  3 very ugly things (Vaults:1)
  A hydra skeleton (Swamp:4)
  2 vampire knights (Swamp:4)
  The ghost of qborf the Jinx, a journeyman FeEn of Gozag (Elf:1)
  2 ironbound preservers
  3 bunyips
  A spark wasp (Spider:4)
  The ghost of Farewn the Warrior, a journeyman FeBe of Trog (Orc:1)
  5 entropy weavers
  The ghost of Ycod the Eclecticist, a journeyman DEAE of Lugonu (Orc:1)
  2 eleionomae (Swamp:4)
  2 deep elf death magi
  5 yaktaur captains
  3 shambling mangroves (Swamp:4)
  20 hydras
  6 boulder beetles
  3 ghost crabs
  An ironbound frostheart (Vaults:2)
  3 catoblepae
  5 centaur warriors
  20 dancing weapons
  2 tengu warriors
  2 alligators
  9 death yaks (Lair:4)
  A two-headed ogre (shapeshifter) (D:15)
  5 two-headed ogres
  5 ironbound beastmasters (Vaults:1)
  Urug (Lair:5)
  A hell knight (Vaults:1)
  5 orc high priests (Orc:2)
  13 deep elf knights
  9 skeletal warriors
  4 goliath frogs
  3 spriggan druids
  7 swamp dragons
  4 flayed ghosts
  11 lindwurms
  3 phantasmal warriors (Swamp:4)
  A harpy (Vaults:1)
  4 spectral hydras (Swamp:4)
  10 deep elf archers
  23 deep elf zephyrmancers
  6 ironbound convokers (Vaults:1)
  20 wolf spiders
  A bog body (Swamp:1)
  7 orc knights
  3 necromancers
  A stone giant zombie (D:15)
  5 orc sorcerers
  3 wizards (Vaults:1)
  19 orb spiders
  21 deep elf pyromancers
  3 will-o-the-wisps
  4 manticores
  A salamander (shapeshifter) (D:13)
  5 cyclopes
  12 ugly things
  An iron dragon skeleton (D:15)
  3 oklob plants (Swamp:4)
  A fire giant skeleton (D:15)
  2 black mambas
  A vault sentinel (Vaults:1)
  Joseph (Lair:1)
  3 torpor snails
  An ice statue (IceCv)
  An elf zombie (Vaults:1)
  A yaktaur zombie (Vaults:1)
  8 rime drakes
  An unseen horror (D:11)
  18 cane toads
  Maggie (D:9)
  7 komodo dragons
  10 yaktaurs
  14 demonic crawlers
  An elf skeleton (Vaults:1)
  2 kobold demonologists
  3 entropy weaver simulacra (IceCv)
  A freezing wraith (IceCv)
  2 tengu conjurers
  15 ice devils (IceCv)
  An anaconda simulacrum (IceCv)
  5 death drake zombies (Swamp:4)
  11 tyrant leeches
  2 polar bears
  2 trolls
  3 bloated husks
  A meliai (shapeshifter) (Elf:1)
  A hydra zombie (Swamp:4)
  8 hornets
  A wolf spider simulacrum (D:14)
  35 jumping spiders
  15 slime creatures
  An ice dragon zombie (D:15)
  40 blink frogs
  3 spriggans
  2 shadows
  41 tarantellas
  3 water elementals
  2 wraiths
  2 fire elementals
  86 redbacks
  39 yaks
  5 wyverns
  3 dire elephant simulacra (IceCv)
  A vampire (D:10)
  Grum (D:9)
  6 basilisks
  17 vampire mosquitoes
  A steam dragon (D:10)
  A warg (shapeshifter) (D:15)
  6 wargs
  13 swamp worms
  22 water moccasins
  2 acid dragons
  2 hydra simulacra (Swamp:4)
  10 swamp drakes
  45 orc warriors
  2 necrophages
  A swamp dragon zombie (Swamp:4)
  7 wolves
  A swamp dragon skeleton (Swamp:4)
  4 ogres
  2 human skeletons (Vaults:1)
  23 centaurs
  A phantom (D:4)
  7 kobold brigands
  A gnoll sergeant (D:7)
  2 earth elementals
  5 scorpions
  16 bullfrogs
  A two-headed ogre simulacrum (IceCv)
  3 cane toad simulacra (IceCv)
  3 elephant simulacra (IceCv)
  7 killer bees
  A wight (D:9)
  6 electric eels
  3 howler monkeys
  A bullfrog zombie (D:6)
  13 centaur zombies
  A bullfrog skeleton (D:6)
  2 gnoll shamans
  22 orc priests
  A centaur skeleton (D:6)
  4 jellies
  4 hounds
  Crazy Yiuf (D:6)
  42 orc wizards
  2 iguanas
  8 polar bear simulacra (IceCv)
  A troll simulacrum (IceCv)
  A killer bee zombie (D:8)
  6 wolf simulacra (IceCv)
  A hound zombie (D:5)
  7 howler monkey zombies
  7 gnolls
  8 adders
  A river rat (D:6)
  A shadow imp (D:8)
  2 white imps
  4 ufetubi
  7 worms
  A dart slug (D:4)
  84 orcs
  7 ball pythons
  9 bats
  7 endoplasms
  11 giant cockroaches
  5 hobgoblins
  10 jackals
  A quokka (Sewer)
  6 frilled lizards
  8 goblins
  17 kobolds
  9 rats
  6 briar patches (Swamp:4)
  A fulminant prism (D:14)
1318 creatures vanquished.

Vanquished Creatures (collateral kills)
  Saint Roka (Orc:1)
  A tentacled monstrosity (Swamp:4)
  2 ghost moths (Spider:4)
  4 emperor scorpions (Spider:4)
  4 dancing weapons
  A spriggan druid (Swamp:4)
  2 swamp dragons (Swamp:4)
  2 deep elf zephyrmancers
  2 deep elf pyromancers
  A swamp drake (Swamp:4)
20 creatures vanquished.

Vanquished Creatures (others)
  A hydra (Swamp:2)
  2 deep elf knights (Elf:2)
  A deep elf zephyrmancer (Elf:1)
  2 tyrant leeches
  A jumping spider (Spider:4)
  A yak (D:9)
  A water elemental (Elf:1)
  A necrophage (Swamp:4)
  32 foxfires
  177 fulminant prisms
  23 fungi
  103 plants
  11 withered plants
356 creatures vanquished.

Grand Total: 1694 creatures vanquished

Notes
Turn   | Place    | Note
-------+----------+-------------------------------------------
     0 | D:1      | Aviak the Djinni Conjurer began the quest for the Orb.
     0 | D:1      | Reached XP level 1. HP: 15/15 MP: 0/0
   342 | D:1      | Found a faded altar of an unknown god.
   364 | D:1      | Reached XP level 2. HP: 10/22 MP: 0/0
   812 | D:1      | Reached skill level 1 in Fighting
  1107 | D:1      | You are sucked into a shaft and drop 1 floor!
  1404 | D:2      | Reached XP level 3. HP: 23/27 MP: 0/0
  1404 | D:2      | Learned a level 1 spell: Foxfire
  1670 | D:2      | Found Pediddy's Distillery.
  1875 | D:2      | Reached XP level 4. HP: 32/32 MP: 0/0
  2107 | D:3      | Reached skill level 2 in Fighting
  2109 | D:3      | Reached XP level 5. HP: 26/38 MP: 0/0
  2109 | D:3      | Learned a level 2 spell: Passwall
  2352 | D:3      | Found a transporter.
  2356 | D:3      | Noticed wineyard's ghost (weakling VSDe)
  2371 | D:3      | Found a transporter.
  2384 | D:3      | Found Piku Ymi's Weapon Boutique.
  2964 | D:4      | Noticed a phantom
  2976 | D:4      | Killed a phantom
  2977 | D:4      | Reached skill level 3 in Fighting
  2977 | D:4      | Reached XP level 6. HP: 7/46 MP: 0/0
  3604 | D:4      | Noticed a necrophage
  3611 | D:4      | Killed a necrophage
  3612 | D:4      | Reached XP level 7. HP: 50/50 MP: 0/0
  3612 | D:4      | Learned a level 2 spell: Blink
  3933 | D:5      | Entered Level 5 of the Dungeon
  3989 | D:5      | Found a staircase to the Ecumenical Temple.
  4107 | D:5      | Reached skill level 5 in Dodging
  4125 | D:5      | Reached skill level 4 in Fighting
  4300 | D:5      | Noticed a water moccasin
  4305 | D:5      | Killed a water moccasin
  4306 | D:5      | Reached XP level 8. HP: 53/58 MP: 0/0
  4393 | D:5      | Reached skill level 5 in Spellcasting
  4918 | D:5      | Reached skill level 5 in Fighting
  5335 | D:6      | Found a glowing drain.
  5348 | Sewer    | Entered a sewer
  5923 | D:6      | Found a glowing silver altar of Zin.
  6075 | D:6      | Found an opulent altar of Gozag.
  6389 | D:6      | Found a runed translucent door.
  6390 | D:6      | Noticed Crazy Yiuf
  6397 | D:6      | Killed Crazy Yiuf
  6598 | D:7      | Noticed a wyvern
  6602 | D:7      | Killed a wyvern
  6603 | D:7      | Reached XP level 9. HP: 55/66 MP: 0/0
  6603 | D:7      | Learned a level 4 spell: Dispel Undead
  6680 | D:7      | Found the amulet of Vitality {Regen+ HP+15}
  6801 | D:7      | Reached skill level 6 in Fighting
  7958 | D:7      | Reached skill level 7 in Fighting
  8261 | D:8      | Identified the +0 buckler of Arekimug {-Cast rElec Will+
                  | Str+5}
  8488 | D:8      | Reached XP level 10. HP: 75/75 MP: 0/0
  8628 | D:8      | Found a burning altar of Makhleb.
  8628 | D:8      | Noticed an Executioner
  8999 | D:9      | Found an ornate altar of the Wu Jian Council.
  9046 | D:9      | Found a staircase to the Orcish Mines.
  9046 | D:9      | Found Xeeneciw's Armour Shoppe.
  9065 | D:9      | Bought the +1 cloak "Otaah" {rCorr Dex+5} for 456 gold
                  | pieces
  9134 | D:9      | Reached skill level 8 in Fighting
  9203 | D:9      | Found Uroim's Antique Weapon Shop.
  9230 | D:9      | Found a broken altar of Ashenzari.
  9618 | Temple   | Entered the Ecumenical Temple
  9832 | D:8      | Noticed an orange demon
  9834 | D:8      | Became a worshipper of Makhleb the Destroyer
 10111 | D:9      | Noticed Grum
 10120 | D:9      | Killed Grum
 10121 | D:9      | Reached skill level 10 in Dodging
 10247 | D:9      | Reached skill level 9 in Fighting
 10247 | D:9      | Reached XP level 11. HP: 84/84 MP: 0/0
 10247 | D:9      | Learned a level 5 spell: Irradiate
 10292 | D:9      | Noticed a two-headed ogre
 10294 | D:9      | Noticed Maggie
 10307 | D:9      | Killed Maggie
 10308 | D:9      | Reached skill level 1 in Armour
 10308 | D:9      | Reached skill level 1 in Invocations
 10310 | D:9      | Killed a two-headed ogre
 10553 | D:10     | Entered Level 10 of the Dungeon
 10619 | D:10     | Found a basalt altar of Yredelemnul.
 10634 | D:10     | Reached * piety under Makhleb
 11075 | D:10     | Reached skill level 10 in Fighting
 11100 | D:10     | Reached XP level 12. HP: 91/91 MP: 0/0
 11153 | D:10     | Reached ** piety under Makhleb
 11160 | D:10     | Found a staircase to the Lair.
 11432 | Lair:1   | Entered Level 1 of the Lair of Beasts
 11605 | Lair:1   | Reached skill level 5 in Invocations
 11617 | Lair:1   | Reached skill level 5 in Armour
 11664 | Lair:1   | Found a runed translucent gate.
 11664 | Lair:1   | Found a runed translucent gate.
 11666 | Lair:1   | Noticed Aviak's ghost (journeyman DjTm)
 11667 | Lair:1   | Found a runed translucent gate.
 11692 | Lair:1   | Noticed a six-headed hydra
 11707 | Lair:1   | Killed a six-headed hydra
 11713 | Lair:1   | Noticed Joseph
 11722 | Lair:1   | Killed Joseph
 12187 | D:9      | Bought a jewelled great sword for 333 gold pieces
 12187 | D:9      | Identified the +3 great sword of Tartarus {vamp, rElec
                  | Int+4} (You bought it in a shop on level 9 of the Dungeon)
 12343 | Lair:2   | Noticed a six-headed hydra
 12351 | Lair:2   | Killed a six-headed hydra
 12457 | Lair:2   | Reached skill level 11 in Fighting
 12516 | Lair:2   | Reached *** piety under Makhleb
 12528 | Lair:2   | Identified 2 scrolls of acquirement
 12529 | Lair:2   | Acquired a +0 buckler of cold resistance
 12531 | Lair:2   | Acquired 1275 gold pieces
 12558 | Lair:2   | Found a staircase to the Swamp.
 12576 | Lair:2   | Found a transporter.
 12785 | Lair:2   | Reached XP level 13. HP: 99/99 MP: 0/0
 12785 | Lair:2   | Learned a level 5 spell: Bolt of Magma
 12826 | Lair:2   | Found a transporter.
 13078 | Lair:3   | Reached skill level 1 in Long Blades
 13295 | Lair:3   | Noticed a catoblepas
 13303 | Lair:3   | Killed a catoblepas
 13490 | Lair:3   | Noticed a six-headed hydra
 13497 | Lair:3   | Killed a six-headed hydra
 13497 | Lair:3   | Reached **** piety under Makhleb
 13646 | Lair:3   | You are sucked into a shaft and drop 3 floors!
 13646 | Lair:6   | Entered Level 6 of the Lair of Beasts
 13655 | Lair:6   | Reached skill level 12 in Fighting
 13795 | Lair:5   | Noticed a five-headed hydra
 13799 | Lair:5   | Killed a five-headed hydra
 13886 | Lair:5   | Found a staircase to the Slime Pits.
 14588 | Lair:4   | Reached skill level 5 in Long Blades
 14591 | Lair:4   | Reached XP level 14. HP: 108/108 MP: 0/0
 14728 | Lair:4   | Reached ***** piety under Makhleb
 14737 | Lair:4   | Found a hole to the Spider Nest.
 15007 | Lair:5   | Reached skill level 1 in Evocations
 15073 | Lair:5   | Noticed Urug
 15079 | Lair:5   | Killed Urug
 15187 | Lair:5   | Reached skill level 13 in Fighting
 15668 | Lair:6   | Reached skill level 10 in Invocations
 16328 | Lair:6   | Identified the +3 chain mail "Gajept" {rCorr Str+3}
 16834 | D:11     | Found a bloodstained altar of Trog.
 16860 | D:11     | Reached XP level 15. HP: 115/115 MP: 0/0
 16860 | D:11     | Learned a level 6 spell: Dispersal
 16978 | D:11     | Reached skill level 5 in Evocations
 17522 | D:12     | Reached ****** piety under Makhleb
 17629 | D:12     | Reached skill level 14 in Fighting
 17681 | D:12     | Found Lupruwn's Assorted Antiques.
 17706 | D:12     | Bought a scroll labelled EFUOHE MAUCLUL for 28 gold pieces
 17706 | D:12     | Bought a scroll labelled NUWE JULUKHLINT for 28 gold pieces
 17706 | D:12     | Bought a scroll of identify for 56 gold pieces
 17986 | D:12     | Found a sacrificial altar of Ru.
 18125 | D:13     | Found a frozen archway.
 18139 | IceCv    | Entered an ice cave
 18320 | IceCv    | Identified the +0 chain mail of the Equator {Int+8 Slay-4}
 18554 | IceCv    | Identified the ring "Goempuv" {rN+ Str+4 Int-2}
 18683 | D:13     | Found a gate to the Vaults.
 18683 | D:13     | Noticed an ironbound preserver
 18696 | D:13     | Killed an ironbound preserver
 19528 | D:14     | Reached XP level 16. HP: 108/124 MP: 0/0
 19537 | D:14     | Reached skill level 10 in Spellcasting
 20072 | D:15     | Entered Level 15 of the Dungeon
 20077 | D:15     | Found a staircase to the Depths.
 20241 | D:15     | HP: 5/139 [yaktaur/bolt (4)]
 20405 | Orc:1    | Entered Level 1 of the Orcish Mines
 20439 | Orc:1    | Found a runed translucent gate.
 20440 | Orc:1    | Found a runed translucent gate.
 20441 | Orc:1    | Found a runed translucent gate.
 20445 | Orc:1    | Noticed Ycod's ghost (journeyman DEAE)
 20445 | Orc:1    | Noticed Farewn's ghost (journeyman FeBe)
 20723 | Orc:1    | Killed Ycod's ghost
 20725 | Orc:1    | Killed Farewn's ghost
 20726 | Orc:1    | Reached skill level 15 in Fighting
 20772 | Orc:2    | Entered Level 2 of the Orcish Mines
 20772 | Orc:2    | Noticed Saint Roka
 20960 | Orc:1    | HP: 7/141 [Saint Roka (24)]
 20963 | Orc:1    | Killed Saint Roka
 21152 | Orc:2    | Found a staircase to the Elven Halls.
 21379 | Orc:2    | Reached XP level 17. HP: 131/131 MP: 0/0
 21379 | Orc:2    | Learned a level 7 spell: Malign Gateway
 21485 | Orc:2    | Found Geisongu's General Store.
 21486 | Orc:2    | Found Pigen's Jewellery Shop.
 21488 | Orc:2    | Found Kiacle Mayg's Antique Armour Boutique.
 21488 | Orc:2    | Found Qioll's Antique Weapon Boutique.
 21502 | Orc:2    | Bought a scroll of teleportation for 42 gold pieces
 21703 | Orc:2    | Bought a scorched kite shield for 294 gold pieces
 21703 | Orc:2    | Identified the +5 kite shield of the Lion {Int+3} (You
                  | bought it in a shop on level 2 of the Orcish Mines)
 21703 | Orc:2    | Bought a faintly humming ring mail for 279 gold pieces
 21703 | Orc:2    | Identified the +5 ring mail of Apathy {rF+ Stlth+} (You
                  | bought it in a shop on level 2 of the Orcish Mines)
 21732 | Orc:2    | Bought the ring of Midnight {Str+6 Slay+2} for 1034 gold
                  | pieces
 21732 | Orc:2    | Bought the ring of Ashenzari's Hope {rN+ Int+6} for 975
                  | gold pieces
 22237 | D:15     | Acquired a manual of Axes
 22748 | Swamp:1  | Entered Level 1 of the Swamp
 22821 | Swamp:1  | Reached skill level 1 in Axes
 23049 | Swamp:1  | Reached skill level 1 in Shields
 23310 | Swamp:1  | Reached skill level 10 in Evocations
 23797 | Swamp:2  | Noticed Frances
 23817 | Swamp:2  | Killed Frances
 23826 | Swamp:2  | Noticed Jorgrun
 23832 | Swamp:2  | Killed Jorgrun
 24155 | Swamp:3  | Noticed a thorn hunter
 24159 | Swamp:3  | Killed a thorn hunter
 24160 | Swamp:3  | Reached skill level 5 in Axes
 24315 | Swamp:3  | Noticed Donald
 24322 | Swamp:3  | Killed Donald
 24553 | Swamp:4  | Entered Level 4 of the Swamp
 24559 | Swamp:4  | Reached skill level 5 in Shields
 24700 | Swamp:4  | Reached XP level 18. HP: 110/138 MP: 0/0
 24700 | Swamp:4  | Noticed a tentacled monstrosity
 24715 | Swamp:4  | Killed a tentacled monstrosity
 25144 | Swamp:4  | Reached skill level 10 in Armour
 25151 | Swamp:4  | Found a basalt altar of Yredelemnul.
 25173 | Swamp:4  | Got a decaying rune of Zot
 25221 | Swamp:4  | Found a blossoming altar of Fedhas.
 25873 | Spider:1 | Entered Level 1 of the Spider Nest
 26319 | Spider:1 | Reached skill level 10 in Axes
 27044 | Spider:2 | Reached XP level 19. HP: 143/143 MP: 0/0
 27044 | Spider:2 | Learned a level 6 spell: Iron Shot
 27432 | Spider:2 | Noticed Roxanne
 27447 | Spider:2 | Killed Roxanne
 28848 | Spider:4 | Entered Level 4 of the Spider Nest
 28960 | Spider:4 | Reached skill level 10 in Shields
 29338 | Spider:4 | Acquired a manual of Long Blades
 29623 | Spider:4 | Got a gossamer rune of Zot
 29978 | Elf:1    | Entered Level 1 of the Elven Halls
 29987 | Elf:1    | Reached XP level 20. HP: 150/150 MP: 0/0
 30713 | Elf:1    | Found a runed translucent door.
 30714 | Elf:1    | Noticed qborf's ghost (journeyman FeEn)
 30892 | Elf:1    | Killed qborf's ghost
 30917 | Elf:2    | Found Janidoto's Jewellery Emporium.
 30924 | Elf:2    | Bought the ring "Usodiogo" {Wiz Contam Str+7 Dex+3} for 681
                  | gold pieces
 30981 | Elf:2    | HP: 8/165 [deep elf archer/arrow (6)]
 31285 | Elf:2    | Found Miff's Antique Weapon Shop.
 31453 | Elf:2    | Found Lidgh's Antique Weapon Boutique.
 31502 | Elf:2    | Found Dul Miakh's Antique Armour Emporium.
 31632 | Elf:2    | Found a runed translucent gate.
 31633 | Elf:2    | Found a runed translucent gate.
 31633 | Elf:2    | Found a runed translucent gate.
 32496 | Vaults:1 | Entered Level 1 of the Vaults
 32513 | Vaults:1 | Reached XP level 21. HP: 156/156 MP: 0/0
 32513 | Vaults:1 | Learned a level 7 spell: Monstrous Menagerie
 33294 | Vaults:1 | Found a runed translucent door.
 33295 | Vaults:1 | Found a shimmering altar of Xom.
 33295 | Vaults:1 | Noticed Enol's ghost (adept DEFE)
 33638 | Vaults:1 | Killed Enol's ghost
 33776 | Vaults:2 | Noticed Jory
 33783 | Vaults:2 | Noticed Mara
 33785 | Vaults:2 | Killed from afar by Jory

Illustrated notes

Levels and vault maps discovered:
D:1:      dpeg_arrival_fog, layout_basic, hellmonk_ecumenical_altar_zigzags,
          hex_large, minmay_three_crescents
D:2:      layout_rooms, serial_shops, nicolae_shop_behind_doors
D:3:      layout_loops_cross, serial_shops, shop, gammafunk_ghost_stat_death
D:4:      minmay_evil_eye, layout_loops_ring,
          lightli_ossuary_entry_decrepit_ruins
D:5:      layout_gridville, minmay_temple_entry_from_below_a
D:6:      layout_basic, pdpol_temple_overflow_zin_treasury_gozag_greed,
          serial_glass, glass_columns_a, glass_columns_a, glass_columns_a,
          glass_columns_b, glass_columns_b, glass_columns_a,
          portal_sewer_entry_b, chequers_serial_rivers_micro_a,
          uniq_crazy_yiuf_cottage
D:7:      layout_cave_pods, minmay_misc_feat_secret_circle,
          serial_park_tiny_pond, minmay_a_box_with_orc_wizards_in_it
D:8:      layout_cave_pods, makhleb_altar_promises_db
D:9:      minmay_polygon_palace, layout_basic, nicolae_overflow_hidden_temple,
          orc_david_3, serial_shops, nicolae_shop_trees, uniq_maggie, uniq_grum
D:10:     layout_loops_ring, nicolae_yredelemnul_corpse_copse,
          erik_lair_orcish_takeover, minmay_misc_feat_five
D:11:     layout_gridville, trog_three_pillars_becter
D:12:     layout_loops_ring, serial_shops, shop, nicolae_ru_path_of_blood
D:13:     layout_loops_cross, skrybe_vaults_entry_preservation,
          portal_ice_cave_rime
D:14:     layout_cave_pools, minmay_misc_feat_square,
          minmay_misc_feat_more_columns
D:15:     gammafunk_depths_entry_grave, layout_long_grid, chequers_jeans,
          minmay_misc_feat_four_crosses, nicolae_vehumet_radiance
Temple:   regret_index_temple_waves
Lair:1:   layout_chaotic_city, gammafunk_ghost_necromancy,
          minmay_stone_trees_medium, st_stairs_7, nicolae_quartered_pool_little,
          lemuel_fruit_tree, infiniplex_staircase_pool_2, uniq_joseph
Lair:2:   gammafunk_worm_tunnel, layout_loops_ring, swamp_mist
Lair:3:   layout_hall_layers
Lair:4:   layout_cave_shapes, nicolae_spider_entry_non_spiders,
          grunt_megastairs_1, lemuel_fruit_fields
Lair:5:   layout_cave_pods, slime_dummy, uniq_urug
Lair:6:   minmay_lair_end_frog_pond, layout_cave_pods,
          chequers_serial_rivers_room_b
Swamp:1:  layout_basic_swamp, hangedman_swamp_ruin_wall,
          infiniplex_staircase_pool
Swamp:2:  layout_falls_marsh, evilmike_swamp_ruin_house_5, st_swamp_ruins_2,
          uniq_frances, uniq_jorgrun
Swamp:3:  layout_basic_swamp, evilmike_swamp_ruin_house_3, swamp_pool2,
          uniq_donald
Swamp:4:  byrel_swamp_growth_death_and_undeath, layout_basic_swamp
Spider:1: nicolae_spider_hilbert_zone_3 [nicolae_spider_hilbert_4_sides_2_open,
          nicolae_spider_hilbert_3_sides_1_open,
          nicolae_spider_hilbert_3_sides_1_open,
          nicolae_spider_hilbert_3_sides_1_open,
          nicolae_spider_hilbert_3_sides_1_open,
          nicolae_spider_hilbert_4_sides_1_open,
          nicolae_spider_hilbert_4_sides_1_open,
          nicolae_spider_hilbert_4_sides_1_open,
          nicolae_spider_hilbert_4_sides_1_open,
          nicolae_spider_hilbert_4_sides_1_open,
          nicolae_spider_hilbert_4_sides_1_open,
          nicolae_spider_hilbert_4_sides_1_open,
          nicolae_spider_hilbert_4_sides_1_open,
          nicolae_spider_hilbert_3_sides_1_open,
          nicolae_spider_hilbert_3_sides_1_open,
          nicolae_spider_hilbert_3_sides_1_open,
          nicolae_spider_hilbert_3_sides_1_open]
Spider:2: layout_spider_delve, hangedman_spider_tarantella_strand, uniq_roxanne
Spider:3: layout_spider_delve, nicolae_spider_jagged_tunnels
Spider:4: grunt_spider_rune_circles
Orc:1:    layout_diamond_mine, gammafunk_ghost_cemetery
Orc:2:    st_orc_congregation, layout_diamond_mine, uniq_saint_roka
Elf:1:    eino_elf_arrival_the_gate, layout_rooms, ebering_ghost_inner_flame,
          minmay_elf_annihilation
Elf:2:    nicolae_elf_blades_crystal_corner, layout_gridlike, serial_shops,
          nicolae_take_the_stairs, shop, nicolae_diamond_shop,
          nicolae_take_the_stairs
Vaults:1: ebering_vaults_ghost_xom, v_misc_32, vaults_dpeg_cross,
          nicolae_vaults_mini_display_case, st_diamondy,
          hangedman_vaults_unwind, v_alt_pattern_1,
          nicolae_vaults_diagonal_hallway_8, vaults_room_octagon,
          hangedman_vaults_snaps, vaults_room_fours,
          nicolae_vaults_shelves_hall, layout_vaults_ring
Vaults:2: grunt_vaults_hallway_long, ontoclasm_vaults_shuriken, v_misc_25,
          dpeg_vaults_monster_box, vaults_room_stairs_pillars,
          grunt_vaults_diagonal, ontoclasm_vaults_chip,
          nicolae_vaults_quartermaster, layout_vaults_quadrants, uniq_margery,
          uniq_jory, uniq_mara

Skill      XL: |  1  2  3  4  5  6  7  8  9 10 11 12 13 14 15 16 17 18 19 20 21 |
---------------+----------------------------------------------------------------+-----
Fighting       | 1 2 3 4 5 7 9 10 11 12 13 14 15 | 15.4
Dodging        | 3 4 5 7 8 10 11 12 | 12.5
Spellcasting   | 4 5 6 7 8 9 10 11 | 11.2
Armour         | 4 6 9 10 | 10.5
Invocations    | 4 6 9 10 12 13 14 | 14.0
Long Blades    | 5 7 8 |  8.6
Evocations     | 4 7 9 10 | 10.0
Axes           | 7 10 12 13 | 13.8
Shields        | 5 8 10 12 13 | 13.6
Stealth        | |  1.5

Action                   |  1- 3 |  4- 6 |  7- 9 | 10-12 | 13-15 | 16-18 | 19-21 || total
-------------------------+-------+-------+-------+-------+-------+-------+-------++-------
Melee: Spear             |    25 |     8 |       |       |       |       |       ||    33
       Falchion          |       |    42 |   184 |   138 |    89 |   100 |       ||   553
       Great sword       |       |       |       |    79 |   554 |   245 |       ||   878
       Broad axe         |       |       |       |       |       |    27 |   414 ||   441
 Cast: Magic Dart        |    26 |       |     5 |     3 |     2 |     2 |       ||    38
       Searing Ray       |     6 |     9 |    29 |    57 |     4 |       |       ||   105
       Foxfire           |    11 |       |       |     4 |       |       |       ||    15
       Fulminant Prism   |       |       |    23 |    28 |    47 |    58 |    22 ||   178
       Irradiate         |       |       |       |     9 |    45 |    62 |    49 ||   165
       Bolt of Magma     |       |       |       |       |   111 |   320 |   202 ||   633
       Dazzling Flash    |       |       |       |       |     1 |     1 |       ||     2
       Iskenderun's Myst |       |       |       |       |       |     3 |       ||     3
       Iron Shot         |       |       |       |       |       |       |    58 ||    58
Invok: Major Destruction |       |       |       |       |       |     2 |       ||     2
       Greater Servant o |       |       |       |       |       |     1 |     4 ||     5
Evoke: Wand              |       |       |       |     2 |       |       |     3 ||     5
       Tin of tremorston |       |       |       |       |       |     3 |     7 ||    10
       Box of beasts     |       |       |       |       |       |     3 |     4 ||     7
       Lightning rod     |       |       |       |       |       |     2 |     9 ||    11
  Use: Scroll            |       |       |    12 |     6 |    11 |    13 |    11 ||    53
       Potion            |       |       |     3 |     1 |     1 |     6 |     5 ||    16
 Stab: Sleeping          |       |     2 |     3 |       |     2 |     1 |     5 ||    13
       Petrified         |       |       |       |       |     5 |       |       ||     5
       Distracted        |       |       |       |       |     1 |     1 |     1 ||     3
Armor: Leather armour    |    21 |    34 |   149 |   107 |    27 |   187 |    97 ||   622
       Troll leather arm |       |       |       |    56 |   381 |    75 |       ||   512
       Ring mail         |       |       |       |       |       |    47 |   152 ||   199
Dodge: Dodged            |    28 |    24 |   230 |   415 |   929 |   767 |   424 ||  2817
Block: Buckler           |       |       |       |       |     8 |       |       ||     8
       Kite shield       |       |       |       |       |       |   206 |   626 ||   832
       Rpst.: Falchion   |       |     6 |    65 |    67 |    22 |    28 |       ||   188
       Great sword       |       |       |       |    36 |   241 |   107 |       ||   384

Table legend: (Time is in decaauts)
 A = Elapsed time spent in this place.
 B = Non-inter-level travel time spent in this place.
 C = Inter-level travel time spent in this place.
 D = Time resting spent in this place.
 E = Time spent auto-exploring this place.
 F = Levels seen in this place.
 G = Mean time per level.
                   A        B        C        D        E       F      G
               +--------+--------+--------+--------+--------+-----+--------+
         Total |  34315 |  31897 |   2418 |   1640 |  21761 |  38 |  903.0 |
       Dungeon |  15287 |  14061 |   1226 |    618 |  10631 |  15 | 1019.1 |
        Temple |    128 |     73 |     55 |      0 |     73 |   1 |  128.0 |
          Lair |   5599 |   5107 |    492 |      0 |   3483 |   6 |  933.2 |
         Swamp |   3099 |   3000 |     99 |    417 |   1677 |   4 |  774.8 |
   Spider Nest |   3994 |   3795 |    199 |    219 |   2395 |   4 |  998.5 |
  Orcish Mines |   1608 |   1372 |    236 |    243 |    640 |   2 |  804.0 |
   Elven Halls |   2268 |   2182 |     86 |    107 |   1357 |   2 | 1134.0 |
        Vaults |   1284 |   1261 |     23 |      0 |    912 |   2 |  642.0 |
         Sewer |    565 |    565 |      0 |      0 |    460 |   1 |  565.0 |
      Ice Cave |    478 |    478 |      0 |     36 |    132 |   1 |  478.0 |
               +--------+--------+--------+--------+--------+-----+--------+

Top non-repeatable levels by time:
     D:7: 1556 daAuts
     D:9: 1344 daAuts
     D:1: 1338 daAuts
   Elf:2: 1331 daAuts
Spider:2: 1261 daAuts
 Swamp:4: 1220 daAuts
Vaults:1: 1214 daAuts
  Lair:3: 1191 daAuts
  Lair:6: 1164 daAuts
     D:6: 1153 daAuts
     D:4: 1131 daAuts
    D:10: 1091 daAuts
     D:5: 1051 daAuts
    D:13: 1003 daAuts
  Lair:5: 1000 daAuts
